 Dungeon Crawl Stone Soup version 0.13.1-20-gf50ca03 (webtiles) character file.

107 Nicoed the Insei (level 3, -2/28 HPs)
             Began as a Demonspawn Monk on Dec 29, 2013.
             Slain by a gnoll
             ... wielding a +0,+0 spear
              (7 damage)
             ... on Level 2 of the Dungeon.
             The game lasted 00:06:12 (2056 turns).

Nicoed the Insei (Demonspawn Monk)                  Turns: 2056, Time: 00:06:12

HP  -2/28        AC  4     Str 12      XL: 3   Next: 82%
MP   2/2         EV 12     Int 11      God:
Gold 47          SH  0     Dex 15      Spells:  0 memorised,  2 levels left

Res.Fire  : . . .   See Invis. : .     - Unarmed
Res.Cold  : . . .   Warding    : .   p - +0 leather armour
Life Prot.: . . .   Conserve   : .   (no shield)
Res.Poison: .       Res.Corr.  : .   (no helmet)
Res.Elec. : .       Clarity    : .   (no cloak)
Sust.Abil.: . .     Spirit.Shd : .   (no gloves)
Res.Mut.  : .       Stasis     : .   (no boots)
Res.Rott. : .       Flight     : .   (no amulet)
Saprovore : . . .                    (no ring)
                                     (no ring)

@: not resistant to hostile enchantments, fairly stealthy
A: powered by pain 1, AC +1
a: no special abilities


You were on level 2 of the Dungeon.
You were not hungry.

You visited 1 branch of the dungeon, and saw 2 of its levels.

You collected 47 gold pieces.

Inventory:

Armour
 p - a +0 leather armour (worn)
Comestibles
 b - a bread ration
 k - a rambutan
Scrolls
 a - a scroll of recharging
 e - a scroll of random uselessness {unknown}
 f - a scroll of noise {unknown}
 h - 3 scrolls of remove curse {unknown}
 i - a scroll of curse weapon {unknown}
 j - a scroll of fear {unknown}
 l - a scroll of blinking {unknown}
 n - a scroll of teleportation {unknown}
 r - a scroll of identify
Jewellery
 g - an uncursed amulet of resist corrosion {unknown}
Potions
 c - a potion of brilliance {unknown}
 d - 6 potions of curing
 m - 2 potions of slowing
 o - a potion of paralysis {unknown}
 q - a potion of agility {unknown}
 s - a potion of magic {unknown}


   Skills:
 + Level 3.3 Fighting
 + Level 3.2 Dodging
 + Level 2.4 Stealth
 + Level 4.1 Unarmed Combat


You had 2 spell levels left.
You didn't know any spells.

Dungeon Overview and Level Annotations

Branches:
Dungeon (2/27)

Altars:


Innate Abilities, Weirdness & Mutations

You are partially covered in molten scales (AC +1).
You sometimes gain a little power by taking damage.


Message History

The gnoll closely misses you.
Found a brown potion.
The gnoll closely misses you. The gnoll barely misses you.
You see here a brown potion.
s - a brown potion The gnoll hits you but does no damage.
The gnoll hits you from afar with a spear.
The gnoll hits you from afar with a spear.
* * * LOW HITPOINT WARNING * * *
A goblin comes into view.
There is a stone staircase leading down here.
You can't go up here!
Unknown command.
Unknown command.
The gnoll unwields an uncursed halberd.
The gnoll wields a sling.
The gnoll shoots a stone.
The stone hits you!
* * * LOW HITPOINT WARNING * * *
The gnoll hits you from afar with a spear!
You die...

.................................
......###..#........###..#.......
.................#.####..#.......
......###..#.....................
......###..#..........#..########
....g......#.g.......>#.<########
...........#...g......#..........
##.........#..........##.########
#......<..#....@.....##.# ####
##.........#..........##.# #...
..##.###.#.#.............# #...
..##.###.#.#.............#####...
............................)....
.###.###.#.#.............########
.# #...#.# #####.#####...########
.# #...#.#.# ##.#####...#.......
.# . ..... ..g...............


You could see 2 gnolls and a goblin (wandering).

Vanquished Creatures
  2 adders (D:2)
  2 giant geckos (D:1)
  3 bats
  A giant cockroach (D:1)
  13 goblins
  6 hobgoblins
  A ball python (D:1)
  A giant newt (D:2)
  5 kobolds
  9 rats
43 creatures vanquished.

Notes
Turn   | Place    | Note
--------------------------------------------------------------
     0 | D:1      | Nicoed, the Demonspawn Monk, began the quest for the Orb.
     0 | D:1      | Reached XP level 1. HP: 16/16 MP: 0/0
   122 | D:1      | Gained mutation: You are partially covered in molten scales (AC +1). [demonic ancestry]
   122 | D:1      | Reached XP level 2. HP: 8/22 MP: 1/1
   830 | D:1      | Gained mutation: You sometimes gain a little power by taking damage. [demonic ancestry]
   830 | D:1      | Reached XP level 3. HP: 28/28 MP: 2/2
  1210 | D:2      | Reached skill level 4 in Unarmed Combat
  2056 | D:2      | Slain by a gnoll

Action                   || total
-------------------------++-------
Melee: Unarmed           ||   144
  Use: Scroll            ||     4
 Stab: Sleeping          ||     6
